 Dungeon Crawl Stone Soup version 0.31-a0-360-gb3e1d13bf4 (webtiles) character file.

Game seed: 14805810917406960203

669 LeprechaunX the Changeling (level 7, -2/46 HPs)
             Began as an Octopode Shapeshifter on July 26, 2023.
             Was an Initiate of Cheibriados.
             Succumbed to a killer bee's poison
             ... on level 4 of the Dungeon.
             The game lasted 00:04:17 (3055 turns).

LeprechaunX the Changeling (Octopode Shapeshifter)  Turns: 3055, Time: 00:04:17

Health: -2/46      AC:  1    Str: 17    XL:     7   Next: 58%
Magic:  7/7        EV: 14    Int: 11    God:    Cheibriados [......]
Gold:   232        SH:  0    Dex: 14    Spells: 6/6 levels left

rFire   . . .        t - +7 Throatcutter {drain, coup de grace}
rCold   . . .        (no shield)
rNeg    . . .        (helmet currently unavailable)
rPois   .            (no amulet)
rElec   .            (no ring)
rCorr   .            (no ring)
SInv    .            (no ring)
Will    .....        (no ring)
Stlth   ++           (no ring)
HPRegen 0.27/turn    (no ring)
MPRegen 0.10/turn    (no ring)
                     (no ring)

%: no passive effects
@: lethally poisoned (-2 -> -18), beast-form, very slow
A: beast (slay +3), almost no armour, amphibious, 8 rings, camouflage 1,
gelatinous body 1, (nimble swimmer 1), tentacles
a: Begin Untransformation, Renounce Religion


You were on level 4 of the Dungeon.
You worshipped Cheibriados.
Cheibriados was noncommittal.
You were a hulking beast.
You visited 1 branch of the dungeon, and saw 4 of its levels.

You collected 232 gold pieces.

Inventory:

Hand Weapons
 j - a +5 trident of protection
 t - the +7 Throatcutter (weapon) {drain, coup de grace}
   (You found it on level 3 of the Dungeon)
Jewellery
 s - a ring of flight
Talismans
 b - a beast talisman
Scrolls
 d - a scroll of immolation {unknown}
 e - 5 scrolls of identify {unknown}
 f - a scroll of silence {unknown}
 g - 2 scrolls of teleportation {unknown}
 h - a scroll of noise {unknown}
 i - a scroll of enchant armour {unknown}
 l - 3 scrolls of fear {unknown}
 p - a scroll of vulnerability {unknown}
 q - a scroll of poison {unknown}
 r - a scroll of revelation {unknown}
Potions
 a - a potion of might {unknown}
 c - a potion of enlightenment {unknown}
 k - a potion of attraction {unknown}
 m - a potion of magic {unknown}
 n - a potion of curing {unknown}
 o - a potion of degeneration {unknown}


   Skills:
 + Level 3.2 Fighting
 + Level 1.3 Long Blades
 - Level 2.1 Polearms
 + Level 3.7 Dodging
 + Level 4.5 Unarmed Combat
 + Level 1.1 Invocations
 * Level 4.7 Shapeshifting


You had 6 spell levels left.
You didn't know any spells.
Your spell library contained the following spells:

 Spells                   Type           Power      Damage    Failure   Level
 Magic Dart               Conj           0%         1d3       34%         1


Dungeon Overview and Level Annotations

Branches:
Dungeon (4/15)
 Temple: D:4-7

Altars:
Cheibriados
Sif Muna


Innate Abilities, Weirdness & Mutations

You are a hulking beast.
Your limbs bulge with bestial killing power. (Slay +3)
You cannot wear most types of armour.
You are amphibious.
You can wear up to eight rings at the same time.
Your skin changes colour to match your surroundings (Stealth+).
Your rubbery body absorbs attacks. (AC +1, EV +1)
((You are camouflaged when in or above water. (Stealth+)))
You have tentacles for arms and can constrict up to eight enemies at once.


Message History

Your Long Blades skill increases to level 1!
Unknown command.
You miss the killer bee. Your grab misses the killer bee.
Your tentacle-slap misses the killer bee.
You feel sick. The killer bee barely misses you.
The killer bee closely misses you. x2
Unknown command.
You hit the killer bee. You drain the killer bee. You grab the killer bee.
You squeeze the killer bee.
The killer bee is almost dead.
You constrict the killer bee.
You kill the killer bee!
Cheibriados thoroughly appreciates the change of pace.
You feel sick. The killer bee stings you.
Your Invocations skill increases to level 1!
You closely miss the killer bee. Your grab misses the killer bee.
You feel sick. The killer bee misses you. The killer bee closely misses you.
The killer bee stings you!
You are more poisoned.
The killer bee poisons you!
You miss the killer bee. Your grab misses the killer bee.
You squeeze the killer bee!
You kill the killer bee!
Cheibriados thoroughly appreciates the change of pace.
You feel very sick. The killer bee stings you.
* * * LOW HITPOINT WARNING * * *
The killer bee stings you.
* * * LOW HITPOINT WARNING * * *
You slash the killer bee! Your grab misses the killer bee.
Your squeeze misses the killer bee.
The killer bee is severely wounded.
You feel sick. The killer bee misses you. The killer bee stings you!
* * * LOW HITPOINT WARNING * * *
You are more poisoned.
The killer bee poisons you!
You hit the killer bee.
You behead the killer bee!
You kill the killer bee!
Cheibriados thoroughly appreciates the change of pace.
You die...

####.##########.####
#....# .>..........
#.#### #####......#
#.# #......# #.#
#..(...# #.#
#......# #.#
#......# ##.####.#
#......# #)..h†y.#
###..... #########
######


You could see a killer bee.

Vanquished Creatures
  Grinder (D:3)
  A black bear (D:4)
  4 killer bees (D:4)
  A hound (D:4)
  3 orc wizards (D:3)
  5 adders
  2 worms
  A dart slug (D:2)
  9 orcs
  5 ball pythons
  6 endoplasms
  A giant cockroach (D:1)
  13 goblins
  9 hobgoblins
  3 jackals (D:4)
  9 kobolds
  5 quokkas
  6 bats
  5 frilled lizards
  6 rats
95 creatures vanquished.

Notes
Turn   | Place    | Note
-------+----------+-------------------------------------------
     0 | D:1      | LeprechaunX the Octopode Shapeshifter began the quest for
                  | the Orb.
     0 | D:1      | Reached XP level 1. HP: 13/13 MP: 1/1
   197 | D:1      | Reached XP level 2. HP: 18/18 MP: 2/2
   492 | D:1      | Reached XP level 3. HP: 14/23 MP: 3/3
  1445 | D:3      | Reached XP level 4. HP: 28/29 MP: 4/4
  1576 | D:3      | Noticed Grinder
  1592 | D:3      | Paralysed by Grinder for 2 turns
  1607 | D:3      | Paralysed by Grinder for 3 turns
  1678 | D:3      | Killed Grinder
  1679 | D:3      | Reached skill level 1 in Polearms
  1679 | D:3      | Reached XP level 5. HP: 24/35 MP: 5/5
  1679 | D:3      | Reached XP level 6. HP: 28/41 MP: 6/6
  2163 | D:3      | Found a shimmering blue altar of Sif Muna.
  2288 | D:3      | Got Sif Muna's Verses on the Impact
  2442 | D:3      | Found the +7 Throatcutter {drain, coup de grace}
  2776 | D:4      | Reached XP level 7. HP: 45/45 MP: 7/7
  2894 | D:4      | Found a snail-covered altar of Cheibriados.
  2909 | D:4      | Became a worshipper of Cheibriados the Contemplative
  3050 | D:4      | Reached skill level 1 in Long Blades
  3052 | D:4      | Reached skill level 1 in Invocations
  3054 | D:4      | HP: 1/46 [killer bee (9)]
  3055 | D:4      | Succumbed to a killer bee's poison

Illustrated notes

Levels and vault maps discovered:
D:1:      minmay_arrival_checkered_box, layout_basic, minmay_misc_feat_pillars,
          st_stairs_8, kennysheep_boxes
D:2:      layout_loops_ring
D:3:      layout_basic, led_sif_book, roderic_roman_lattice, uniq_grinder
D:4:      layout_basic, cheibrodos_worm_habitat

Skill      XL: |  1  2  3  4  5  6  7 |
---------------+----------------------+-----
Fighting       | 2 3 |  3.2
Polearms       | 1 2 |  2.1
Dodging        | 3 |  3.7
Unarmed Combat | 4 |  4.5
Shapeshifting  | 4 |  4.7
Long Blades    | 1 |  1.3
Invocations    | 1 |  1.1

Action                     |  1- 3 |  4- 6 |  7- 9 || total
---------------------------+-------+-------+-------++-------
  Melee: Unarmed           |    46 |       |       ||    46
         Constrict         |    16 |     8 |     4 ||    28
         Tentacles         |     5 |     5 |     3 ||    13
         Trident           |    29 |    58 |       ||    87
         Punch             |     1 |     3 |       ||     4
         Long sword        |       |    13 |    23 ||    36
    Use: Potion            |       |     1 |       ||     1
   Stab: Sleeping          |    12 |     5 |     1 ||    18
 Armour: Skin              |     4 |    12 |     1 ||    17
  Dodge: Dodged            |    24 |    26 |    22 ||    72

Table legend: (Time is in decaauts)
 A = Elapsed time spent in this place.
 B = Non-inter-level travel time spent in this place.
 C = Inter-level travel time spent in this place.
 D = Time resting spent in this place.
 E = Time spent auto-exploring this place.
 F = Levels seen in this place.
 G = Mean time per level.
                   A        B        C        D        E       F      G
               +--------+--------+--------+--------+--------+-----+--------+
         Total |   3123 |   2985 |    138 |      2 |   2381 |   4 |  780.8 |
       Dungeon |   3123 |   2985 |    138 |      2 |   2381 |   4 |  780.8 |
               +--------+--------+--------+--------+--------+-----+--------+

Top non-repeatable levels by time:
     D:3: 1320 daAuts
     D:1: 782 daAuts
     D:2: 606 daAuts
     D:4: 414 daAuts
